 Dungeon Crawl Stone Soup version 0.31-a0-590-g8a5a4361df (webtiles) character file.

Game seed: 6424109582185821421

6880 Irenicus the Basher (level 10, -1/70 HPs)
             Began as a Demonspawn Chaos Knight on Aug 19, 2023.
             Was a Plaything of Xom.
             Slain by a smoke demon (5 damage)
             ... on level 2 of the Abyss.
             The game lasted 00:59:20 (5942 turns).

Irenicus the Basher (Demonspawn Chaos Knight)       Turns: 5942, Time: 00:59:20

Health: -1/70      AC: 17    Str: 14      XL:     10   Next: 79%
Magic:  18/18      EV: 15    Int:  9 (10) God:    Xom [......]
Gold:   607        SH:  0    Dex: 17      Spells: 9/9 levels left

rFire   x . .        i - +4 dire flail
rCold   x . .        (shield currently unavailable)
rNeg    . . .        K - +0 leather armour of Fufucwomm {rC+ Str+2}
rPois   +            (helmet restricted)
rElec   .            (no cloak)
rCorr   +            j - +0 pair of gloves
SInv    .            C - +2 pair of boots
Will    .....        H - amulet of Elemental Vulnerability {rPois rF-- rC-- AC+8}
Stlth   +            M - ring of magical power
HPRegen 0.31/turn    R - ring of resist corrosion
MPRegen 0.16/turn

%: random rage (9%)
@: cleaving, unable to drink
A: foul stench 2, sharp scales 2, demonic touch 1, horns 1, fire resistance 1,
low MP 1, [berserk 2], [dopey 2], [inability to drink after injury 2]
a: Renounce Religion


You were on level 2 of the Abyss.
You worshipped Xom.
You were a very special plaything of Xom.
You visited 1 branch of the dungeon, and saw 10 of its levels.
You visited the Abyss 1 time.
You also visited: Sewer.

You collected 607 gold pieces.


Innate Abilities, Weirdness & Mutations

You sometimes emit foul miasma when damaged in melee.
You are mostly covered in razor-sharp scales. (AC +2, Slay +2)
Your touch may inflict minor irresistible damage on your foes.
You have a pair of small horns on your head.
Your flesh is heat resistant. (rF+)
Your magical capacity is low. (-10% MP)
[You have an uncontrollable temper.]
[You are very dopey. (Int -4)]
[You sometimes lose the ability to drink potions when taking damage.]


   Skills:
 - Level 3.0 Fighting
 + Level 12.5 Maces & Flails
 - Level 4.2 Armour
 + Level 6.9 Dodging
 - Level 4.2 Shields


You had 9 spell levels left.
You didn't know any spells.
Your spell library contained the following spells:

 Spells                   Type           Power      Damage    Failure   Level
 Blink                    Tloc           0%         N/A       58%         2
 Lesser Beckoning         Tloc           0%         N/A       58%         2
 Momentum Strike          Conj/Tloc      0%         3d8       58%         2
 Wereblood                Tmut           0%         N/A       58%         2
 Ozocubu's Armour         Ice            0%         N/A       83%         3
 Vhi's Electric Charge    Tloc/Air       0%         N/A       83%         3
 Volatile Blastmotes      Fire/Tloc      0%         2d10      83%         3
 Fulminant Prism          Conj/Hex       0%         3d5       99%         4
 Iskenderun's Mystic Bla  Conj/Tloc      0%         2d3       99%         4
 Arcjolt                  Conj/Air       0%         1d10      100%        5
 Irradiate                Conj/Tmut      0%         3d11      100%        5
 Metabolic Englaciation   Hex/Ice        0%         N/A       100%        5
 Plasma Beam              Fire/Air       0%         2x1d10    100%        6
 Simulacrum               Ice/Necr       0%         N/A       100%        6

Inventory:

Hand Weapons
 a - a +0 mace of chaos
 i - a +4 dire flail (weapon)
 m - a +4 dagger of venom
 p - a +1 mace of protection
 E - the +9 quarterstaff of Hubris {heavy, rElec rPois}
   (You found it on level 6 of the Dungeon)

   rElec:     It insulates you from electricity.
   rPois:     It protects you from poison
Missiles
 e - a curare-tipped dart {=f}
 k - 23 poisoned darts
 r - a throwing net {=f}
Armour
 b - a +2 leather armour
 g - a +1 helmet
 j - a +0 pair of gloves (worn)
 s - the +3 scale mail of the Gate {rC+ Str-4 Int+2 SInv}
   (You found it on level 4 of the Dungeon)

   Str-4:     It affects your strength (-4).
   Int+2:     It affects your intelligence (+2).
   rC+:       It protects you from cold.
   SInv:      It lets you see invisible.
 u - the +0 ring mail of Aranoado {rC- Str+3 Dex+2 Slay+2}
   (You found it on level 8 of the Dungeon)

   Str+3:     It affects your strength (+3).
   Dex+2:     It affects your dexterity (+2).
   Slay+2:    It affects your accuracy & damage with ranged weapons and melee
   (+2).
   rC-:       It makes you vulnerable to cold.
 y - a +2 buckler
 C - a +2 pair of boots (worn)
 K - the +0 leather armour of Fufucwomm (worn) {rC+ Str+2}
   (You found it on level 8 of the Dungeon)

   Str+2:     It affects your strength (+2).
   rC+:       It protects you from cold.
 L - the +0 plate armour of the Apprentice {rElec rN+}
   (You found it on level 9 of the Dungeon)

   rElec:     It insulates you from electricity.
   rN+:       It protects you from negative energy.
Jewellery
 H - the amulet of Elemental Vulnerability (around neck) {rPois rF-- rC-- AC+8}
   (You found it on level 7 of the Dungeon)

   [amulet of nothing]

   AC+8:      It affects your AC (+8).
   rF--:      It makes you very vulnerable to fire.
   rC--:      It makes you very vulnerable to cold.
   rPois:     It protects you from poison
 M - a ring of magical power (left hand)
 R - a ring of resist corrosion (right hand)
Wands
 f - a wand of flame (4)
 q - a wand of paralysis (9)
 t - a wand of mindburst (6)
 z - a wand of polymorph (10)
 J - a wand of digging (5)
Scrolls
 h - a scroll of revelation
 o - 2 scrolls of noise
 w - a scroll of vulnerability
 A - 3 scrolls of amnesia
 D - 3 scrolls of identify {@r1}
Potions
 d - 2 potions of resistance
 v - 2 potions of haste {@q3}
 x - a potion of invisibility
 I - a potion of curing {@q1}

Dungeon Overview and Level Annotations

Branches:
Dungeon (10/15)            Temple (0/1) D:6           Sewer (visited)
   Lair: D:8-11         Orc: D:9-12

Altars:
Fedhas
Gozag
Hepliaklqana
Okawaru
Sif Muna
Uskayaw
Vehumet
Wu Jian
Xom

Annotations:
D:9 exclusion: statue

▒▒ ▒▒ ..▒▒▒▒§ .▒
▒▒ ▒#
░.§.§§░##▒▒.▒ ~
▒....3@§.▒.Λ.X▒▒#~
▒▒#░b#§§▒▒/▒\....~
▒#.§w─X§▓▒....~
...▒▒▒..▒○▓....▒
▒. ░☼○3.§§§▓> ..
░..░§.▒.▓▓..▒ ░
░..☼.....─▒..▒
...#▓#.▒.░▒▓ ...
▒░▒ .#..░ #.


You could see a tentacled starspawn (agile), a smoke demon (corroded), a neqoxec
and a starspawn tentacle.


Message History

Press: ? - help, v - describe, . - travel
Here: a smoke demon (poison gas)
The floor.
You cannot drink potions in your current state!
Aiming: Corrosive Bolt
Press: ? - help, Shift-Dir - straight line, f - smoke demon
Aim: a smoke demon (poison gas, 75% to hit)
The bolt of acid hits the smoke demon!
The acid corrodes the smoke demon!
The smoke demon is moderately wounded.
You kill your butterfly!
Your butterfly disappears in a burst of colours!
Your butterfly is engulfed in poison gas.
Your butterfly is poisoned.
You kill your butterfly!
Your butterfly disappears in a burst of colours!
The smoke demon hits you but does no damage.
The smoke demon barely misses you.
The smoke demon hits you but does no damage.
The neqoxec gestures at you.
Strange energies course through your body.
You feel less energetic.
Aiming: Corrosive Bolt
Press: ? - help, Shift-Dir - straight line, f/p - smoke demon
Aim: a smoke demon (poison gas, moderately wounded, covered in acid, 75% to hit)
The bolt of acid hits the smoke demon!
The smoke demon seems to be corroded for longer.
The smoke demon is severely wounded.
The now-empty wand crumbles to dust.
The smoke demon hits you.
You die...
Xom chuckles heartily!

Skill      XL: |  1  2  3  4  5  6  7  8  9 10 |
---------------+-------------------------------+-----
Maces & Flails | 3 4 5 6 7 8 10 12 | 12.5
Shields        | 3 4 |  4.2
Dodging        | 3 6 |  6.9
Armour         | 3 4 |  4.2
Fighting       | |  3.0

Action                     |  1- 3 |  4- 6 |  7- 9 | 10-12 || total
---------------------------+-------+-------+-------+-------++-------
  Melee: Mace              |    85 |   123 |   493 |   109 ||   810
         Touch             |       |    15 |     9 |       ||    24
         Dire flail        |       |       |       |    50 ||    50
         Headbutt          |       |       |       |     5 ||     5
  Throw: Dart              |     4 |       |     1 |       ||     5
  Evoke: Wand              |       |       |    10 |     4 ||    14
    Use: Potion            |       |     2 |    11 |     4 ||    17
         Scroll            |       |       |     3 |    11 ||    14
   Stab: Paralysed         |       |     1 |     1 |       ||     2
         Petrified         |       |       |     5 |       ||     5
         Petrifying        |       |       |     1 |       ||     1
         Distracted        |       |       |     2 |       ||     2
         Confused          |       |       |     3 |       ||     3
         Invisible         |       |       |     3 |       ||     3
         Sleeping          |       |       |     1 |       ||     1
 Armour: Leather armour    |    88 |    54 |   184 |    66 ||   392
         Skin              |       |       |   115 |       ||   115
  Dodge: Dodged            |    96 |    74 |   222 |    90 ||   482
  Block: Buckler           |       |       |   145 |    39 ||   184

Levels and vault maps discovered:
D:1:      ebering_trefoil_3fold, layout_basic, nicolae_wormholes
D:2:      layout_rooms, shapermc_ecumenical_altar_notcrosses, uniq_robin,
          uniq_jessica
D:3:      layout_basic, nicolae_wu_jian_wuxing_cycle, general_overflow_altar,
          serial_bayou_pond_e, st_stairs_14
D:4:      layout_cave_pods, portal_sewer_entry_e, kennysheep_generic_room_4
D:5:      layout_loops_ring, amcnicky_altar_gilded, uniq_sigmund
D:6:      layout_basic, marbit_many_paths, temple_statues,
          hangedman_abyss_or_decor_slice, uniq_grinder
D:7:      layout_rooms, serial_rivers, chequers_serial_rivers_small_b,
          chequers_serial_rivers_room_a, chequers_serial_rivers_room_a,
          chequers_serial_rivers_micro_b, chequers_serial_rivers_micro_a,
          chequers_serial_rivers_small_b
D:8:      layout_loops_ring
D:9:      layout_long_grid, mainiacjoe_overflow_24_doors,
          mainiacjoe_overflow_surrounded_room, vehumet_statue,
          grunt_temple_overflow_diamond, lemuel_doored_altar
D:10:     layout_loops_ring, kennysheep_generic_room_12, uniq_harold
Abyss:2:  base: D:8, minivault_24

Notes
Turn   | Place    | Note
-------+----------+-------------------------------------------
     0 | D:1      | Irenicus the Demonspawn Chaos Knight began the quest for
                  | the Orb.
     0 | D:1      | Reached XP level 1. HP: 18/18 MP: 1/1
    25 | D:1      | XOM: divination: detect creatures
    98 | D:1      | Reached skill level 3 in Maces & Flails
   149 | D:1      | XOM: god gift: runed helmet {god gift}
   176 | D:1      | Gained mutation: You are partially covered in razor-sharp
                  | scales. (AC +1, Slay +1) [demonic ancestry]
   176 | D:1      | Reached XP level 2. HP: 24/24 MP: 2/2
   179 | D:1      | XOM: fog
   180 | D:1      | XOM: summons 2 hostile demons
   228 | D:1      | XOM: butterfly on damage
   345 | D:1      | XOM: draining
   520 | D:1      | Reached XP level 3. HP: 28/28 MP: 3/3
   543 | D:1      | XOM: summons 4 hostile shadow creatures
   687 | D:2      | Noticed Robin
   702 | D:1      | Reached skill level 4 in Maces & Flails
   754 | D:2      | Noticed Jessica
   760 | D:2      | Killed Jessica
   799 | D:2      | Gained mutation: Your touch may inflict minor irresistible
                  | damage on your foes. [demonic ancestry]
   799 | D:2      | Reached XP level 4. HP: 35/35 MP: 4/4
   961 | D:2      | Killed Robin
   999 | D:2      | Found a faded altar of an unknown god.
  1199 | D:3      | Noticed a scorpion
  1204 | D:3      | Reached skill level 5 in Maces & Flails
  1205 | D:3      | Killed a scorpion
  1206 | D:3      | Reached XP level 5. HP: 41/41 MP: 5/5
  1330 | D:3      | Found an ornate altar of the Wu Jian Council.
  1501 | D:3      | You fall into a shaft and drop 1 floor!
  1522 | D:4      | Reached skill level 6 in Maces & Flails
  1604 | D:4      | Reached XP level 6. HP: 40/47 MP: 6/6
  1647 | D:4      | Identified 3 potions of resistance
  1763 | D:4      | Reached skill level 7 in Maces & Flails
  1907 | D:4      | Identified the +3 scale mail of the Gate {rC+ Str-4 Int+2
                  | SInv}
  2139 | D:4      | Found a glowing drain.
  2144 | Sewer    | Entered a sewer
  2165 | Sewer    | Gained mutation: You are mostly covered in razor-sharp
                  | scales. (AC +2, Slay +2) [demonic ancestry]
  2165 | Sewer    | Reached XP level 7. HP: 52/52 MP: 7/7
  2213 | Sewer    | XOM: smoke on damage
  2331 | Sewer    | XOM: divination: detect creatures
  2491 | Sewer    | Reached skill level 8 in Maces & Flails
  2634 | D:5      | Entered Level 5 of the Dungeon
  2716 | D:5      | Reached skill level 2 in Shields
  2876 | D:5      | XOM: 3-stop teleportation journey
  2906 | D:5      | XOM: enchant monster (good)
  2914 | D:5      | XOM: cloud trail
  2962 | D:5      | Reached skill level 3 in Shields
  2981 | D:5      | Gained mutation: You may rarely emit foul miasma when
                  | damaged in melee. [demonic ancestry]
  2981 | D:5      | Reached XP level 8. HP: 39/58 MP: 8/8
  3136 | D:6      | XOM: stealth player
  3136 | D:6      | Noticed Grinder
  3162 | D:6      | Reached skill level 4 in Shields
  3178 | D:6      | Killed Grinder
  3179 | D:6      | Reached skill level 9 in Maces & Flails
  3212 | D:6      | XOM: chaos cloud
  3224 | D:6      | XOM: summons 8 friendly demons
  3243 | D:6      | Reached skill level 10 in Maces & Flails
  3255 | D:6      | Reached XP level 9. HP: 35/63 MP: 9/9
  3376 | D:6      | XOM: potion effect (berserk rage)
  3380 | D:6      | HP: 9/94 [poisoned by a kobold brigand]
  3383 | D:6      | HP: 4/63 [poisoned by a kobold brigand]
  3523 | D:6      | Identified the +9 quarterstaff of Hubris {heavy, rElec
                  | rPois}
  3645 | D:6      | XOM: scenery: create altars
  3665 | D:6      | Reached skill level 11 in Maces & Flails
  3668 | D:6      | Found a staircase to the Ecumenical Temple.
  3720 | D:6      | Found an opulent altar of Gozag.
  3812 | D:7      | XOM: summons 2 friendly demons
  4053 | D:7      | XOM: smoke on damage
  4068 | D:7      | XOM: confuse monster(s)
  4079 | D:7      | Reached skill level 12 in Maces & Flails
  4094 | D:7      | XOM: confuse monster(s)
  4102 | D:7      | Reached skill level 1 in Dodging
  4106 | D:7      | Reached skill level 2 in Armour
  4148 | D:7      | Reached skill level 2 in Dodging
  4188 | D:7      | Found the amulet of Elemental Vulnerability {rPois rF--
                  | rC-- AC+8}
  4316 | D:8      | XOM: summons 8 friendly demons
  4321 | D:8      | Reached skill level 3 in Armour
  4357 | D:8      | Identified the +0 ring mail of Aranoado {rC- Str+3 Dex+2
                  | Slay+2}
  4394 | D:8      | XOM: noise
  4408 | D:8      | XOM: summons 5 hostile demons
  4415 | D:8      | XOM: enchant monster (bad)
  4416 | D:8      | XOM: confusion
  4490 | D:8      | Reached skill level 3 in Dodging
  4490 | D:8      | Gained mutation: You sometimes emit foul miasma when
                  | damaged in melee. [demonic ancestry]
  4490 | D:8      | Reached XP level 10. HP: 34/70 MP: 10/10
  4642 | D:8      | Identified the +0 leather armour of Fufucwomm {rC+ Str+2}
  4928 | D:9      | Noticed a two-headed ogre
  4930 | D:9      | XOM: cleaving
  4939 | D:9      | Killed a two-headed ogre
  4940 | D:9      | Reached skill level 4 in Armour
  4955 | D:9      | Reached skill level 4 in Dodging
  4987 | D:9      | Found a blossoming altar of Fedhas.
  5041 | D:9      | Found a radiant altar of Vehumet.
  5062 | D:9      | Identified the +0 plate armour of the Apprentice {rElec
                  | rN+}
  5141 | D:9      | Reached skill level 5 in Dodging
  5168 | D:9      | HP: 5/70 [orc priest/divine providence (12)]
  5169 | D:9      | XOM: confuse monster(s)
  5173 | D:9      | XOM: scenery: create altars
  5387 | D:9      | Found a hide-covered altar of Uskayaw.
  5407 | D:9      | XOM: 4-stop teleportation journey
  5409 | D:9      | Found a shimmering blue altar of Sif Muna.
  5464 | D:9      | XOM: give mutations
  5464 | D:9      | Gained mutation: Your flesh is heat resistant. (rF+) [Xom's
                  | mischief]
  5464 | D:9      | Gained mutation: You have a pair of small horns on your
                  | head. [Xom's mischief]
  5653 | D:9      | Found an iron altar of Okawaru.
  5656 | D:9      | Found a hazy altar of Hepliaklqana.
  5658 | D:9      | Found a shimmering altar of Xom.
  5696 | D:10     | Entered Level 10 of the Dungeon
  5706 | D:10     | Reached skill level 6 in Dodging
  5783 | Abyss:2  | Found a corrupted altar of Lugonu.
  5783 | Abyss:2  | Cast into level 2 of the Abyss (Xom)
  5791 | Abyss:2  | Found a corrupted altar of Lugonu.
  5805 | Abyss:2  | Found a corrupted altar of Lugonu.
  5806 | Abyss:2  | Noticed a large abomination
  5828 | Abyss:2  | Noticed a wretched star
  5829 | Abyss:2  | Noticed a lich
  5840 | Abyss:2  | Noticed a thrashing horror
  5856 | Abyss:2  | Noticed an eidolon
  5871 | Abyss:2  | XOM: cleaving
  5873 | Abyss:2  | Found a corrupted altar of Lugonu.
  5894 | Abyss:2  | XOM: confusion
  5894 | Abyss:2  | Noticed a starcursed mass
  5930 | Abyss:2  | Noticed a smoke demon
  5931 | Abyss:2  | Noticed a tentacled starspawn
  5935 | Abyss:2  | XOM: enchant monster (bad)
  5935 | Abyss:2  | Noticed a smoke demon
  5937 | Abyss:2  | HP: 3/70 [smoke demon/divine providence (12)]
  5939 | Abyss:2  | a smoke demon changed into a neqoxec
  5939 | Abyss:2  | XOM: polymorph smoke demon -> neqoxec
  5941 | Abyss:2  | Gained mutation: Your magical capacity is low. (-10% MP) [a
                  | neqoxec]
  5942 | Abyss:2  | Slain by a smoke demon

Vanquished Creatures
  A two-headed ogre (D:9)
  A tormentor (Abyss:2)
  Grinder (D:6)
  A steam dragon (D:9)
  5 yaks
  A wyvern (D:9)
  4 orc warriors
  2 water moccasins
  A black bear (D:7)
  2 sky beasts (D:7)
  A centaur (D:9)
  An ogre (D:6)
  3 phantoms
  6 kobold brigands
  5 bullfrogs
  3 scorpions
  A gnoll sergeant (D:7)
  6 wights
  11 killer bees
  A howler monkey (D:6)
  2 jellies (D:6)
  A gnoll bouda (D:4)
  6 orc priests
  A hound (D:6)
  6 orc wizards
  A sleepcap (D:6)
  Jessica (D:2)
  3 iguanas
  Robin (D:2)
  10 gnolls
  7 adders
  2 white imps
  2 ufetubi
  4 worms
  4 dart slugs
  20 orcs
  A bat (D:2)
  11 endoplasms
  6 giant cockroaches
  14 goblins
  11 hobgoblins
  3 jackals (D:3)
  37 kobolds
  5 quokkas
  15 ball pythons
  3 frilled lizards
  8 rats
242 creatures vanquished.

Vanquished Creatures (collateral kills)
  5 yaks
  An ogre (D:4)
  A bullfrog (D:4)
  4 wights (D:10)
  A killer bee (D:8)
  A gnoll bouda (D:4)
  An orc priest (D:10)
  An orc wizard (D:4)
  4 gnolls
  An adder (D:4)
  A worm (D:4)
  5 orcs
  A ball python (D:4)
27 creatures vanquished.

Vanquished Creatures (others)
  2 starspawn tentacles (Abyss:2)
2 creatures vanquished.

Grand Total: 271 creatures vanquished

Table legend: (Time is in decaauts)
 A = Elapsed time spent in this place.
 B = Non-inter-level travel time spent in this place.
 C = Inter-level travel time spent in this place.
 D = Time resting spent in this place.
 E = Time spent auto-exploring this place.
 F = Levels seen in this place.
 G = Mean time per level.
                   A        B        C        D        E       F      G
               +--------+--------+--------+--------+--------+-----+--------+
         Total |   6054 |   5881 |    173 |     40 |    248 |  12 |  504.5 |
       Dungeon |   5340 |   5167 |    173 |     40 |    248 |  10 |  534.0 |
         Abyss |    155 |    155 |      0 |      0 |      0 |   1 |  155.0 |
         Sewer |    558 |    558 |      0 |      0 |      0 |   1 |  558.0 |
               +--------+--------+--------+--------+--------+-----+--------+

Top non-repeatable levels by time:
     D:9: 816 daAuts
     D:1: 764 daAuts
     D:4: 704 daAuts
     D:6: 617 daAuts
     D:8: 607 daAuts
   Sewer: 558 daAuts
     D:5: 504 daAuts
     D:7: 478 daAuts
     D:3: 436 daAuts
     D:2: 332 daAuts
 Abyss:2: 155 daAuts
    D:10: 77 daAuts

Table legend:
 A = Non-vault XP
 B = Vault XP
 C = Vault XP percentage of total XP
 D = Non-vault monster count
 E = Vault monster count
 F = Vault count percentage of total count
                 A         B        C        D         E       F
            +---------+---------+-------+---------+---------+-------
      Total |    8980 |     849 |   8.6 |     218 |      48 |  18.0
            +---------+---------+-------+---------+---------+-------
        D:1 |      35 |      15 |  30.0 |      18 |       5 |  21.7
        D:2 |      33 |      68 |  67.3 |      20 |      10 |  33.3
        D:3 |     138 |       2 |   1.4 |      16 |       1 |   5.9
        D:4 |     387 |      55 |  12.4 |      25 |       2 |   7.4
        D:5 |     405 |       0 |   0.0 |      17 |       0 |   0.0
        D:6 |    1764 |     340 |  16.2 |      32 |       2 |   5.9
        D:7 |    1329 |       0 |   0.0 |      24 |       0 |   0.0
        D:8 |     672 |       0 |   0.0 |      18 |       0 |   0.0
        D:9 |    2508 |       0 |   0.0 |      31 |       0 |   0.0
       D:10 |    1387 |       0 |   0.0 |      16 |       0 |   0.0
    Abyss:2 |     322 |       0 |   0.0 |       1 |       0 |   0.0
      Sewer |       0 |     369 | 100.0 |       0 |      28 | 100.0
            +---------+---------+-------+---------+---------+-------
